[Event "Early Titled Tuesday Blitz | February 8 2022"]
[White "parintele_chess"]
[Black "Kostina, Nadezhda"]
[BlackFideId "4195876"]
[WhiteElo "2212"]
[BlackElo "2001"]
[Result "0-1"]
[Round "11"]
[TimeControl "180+1"]
[Date "2022.02.08"]
[WhiteClock "0:00:06"]
[BlackClock "0:00:07"]

1. d4 Nf6 2. Nc3 d5 3. Bf4 c6 4. e3 g6 5. Bd3 Bg7 6. h4 h5 7. f3 Nbd7 8. Nh3 b5 9. a3 Nb6 10. Nf2 Nc4 11. Qc1 Bh6 12. Bxh6 Rxh6 13. b3 Nb6 14. e4 Rh8 15. e5 Nh7 16. Qf4 Nf8 17. O-O-O Ne6 18. Qe3 a5 19. Ne2 a4 20. b4 Nc4 21. Bxc4 bxc4 22. g4 c3 23. Qxc3 Qb6 24. f4 Ba6 25. Rd2 Bxe2 26. Rxe2 Nxf4 27. Re3 Ne6 28. Rd1 hxg4 29. Nxg4 Rxh4 30. Rg3 O-O-O 31. Kb2 Rdh8 32. Ka2 Rh1 33. Rxh1 Rxh1 34. Ne3 Qxd4 35. Qxd4 Nxd4 36. b5 Nxb5 37. Rf3 Re1 38. Ng4 d4 39. Kb2 Nc3 40. Rxc3 dxc3+ 41. Kxc3 Re4 42. Nh6 Rxe5 43. Nxf7 Rc5+ 44. Kb2 Rf5 45. Nh6 Rf4 46. Kc1 Kd7 47. Kd2 Ke8 48. Ke3 Rh4 49. Ng8 Kf8 50. Nxe7 Kxe7 0-1